 Dungeon Crawl Stone Soup version 0.30-a0-924-g0ad0bf95bc (webtiles) character file.

Game seed: 18125847217837971210

548 cforsyth the Covered (level 7, -1/53 HPs)
             Began as a Human Fighter on Mar 23, 2023.
             Was a Follower of Okawaru.
             Slain by a hornet (5 damage)
             ... on level 4 of the Dungeon.
             The game lasted 00:03:47 (3215 turns).

cforsyth the Covered (Human Fighter)                Turns: 3215, Time: 00:03:48

Health: -1/53      AC: 13    Str: 19    XL:     7   Next: 54%
Magic:  7/7        EV:  5    Int:  8    God:    Okawaru [*.....]
Gold:   230        SH:  5    Dex: 12    Spells: 6/6 levels left

rFire   . . .      SeeInvis .    a - +0 flail
rCold   . . .      Faith    .    c - +0 buckler
rNeg    . . .      Spirit   .    i - +0 plate armour
rPois   .          Reflect  .    k - +0 helmet
rElec   .          Rampage  .    (no cloak)
rCorr   .                        (no gloves)
Will    .....                    (no boots) Stlth
                                 (no amulet)
HPRegen 0.28/turn                (no ring)
MPRegen 0.10/turn                (no ring)

@: mighty, slowed, very slow
A: no striking features
a: Renounce Religion, Heroism


You were on level 4 of the Dungeon.
You worshipped Okawaru.
Okawaru was aware of your devotion.
You visited 2 branches of the dungeon, and saw 5 of its levels.

You collected 230 gold pieces.

Inventory:

Hand Weapons
 a - a +0 flail (weapon)
Armour
 b - a +0 scale mail
 c - a +0 buckler (worn)
 i - a +0 plate armour (worn)
 k - a +0 helmet (worn)
Jewellery
 w - a ring of ice
Wands
 x - a wand of iceblast (17)
Scrolls
 f - 3 scrolls of identify {unknown}
 m - a scroll of fog {unknown}
 o - a scroll of fear {unknown}
 r - a scroll of teleportation {unknown}
 s - a scroll of enchant weapon {unknown}
 t - a scroll of immolation {unknown}
 v - a scroll of noise {unknown}
 y - a scroll of acquirement {unknown}
 B - a scroll of blinking {unknown}
 C - a scroll of amnesia {unknown}
Potions
 d - 2 potions of might
 e - 2 potions of mutation {unknown}
 g - a potion of resistance {unknown}
 h - a potion of haste {unknown}
 j - a potion of heal wounds {unknown}
 l - a potion of attraction {unknown}
 n - 4 potions of curing {unknown}
 p - a potion of lignification {unknown}
 q - a potion of magic {unknown}
 u - a potion of brilliance {unknown}
 z - a potion of cancellation {unknown}
 A - a potion of ambrosia {unknown}


   Skills:
 - Level 3.9 Fighting
 + Level 4.9 Maces & Flails
 + Level 5.5 Armour
 - Level 3.9 Shields


You had 6 spell levels left.
You didn't know any spells.
Your spell library contained the following spells:

 Spells                   Type           Power      Damage    Failure   Level
 Ensorcelled Hibernation  Hex/Ice        0%         N/A       100%        2
 Passwall                 Tmut/Erth      0%         N/A       100%        2
 Swiftness                Air            0%         N/A       100%        3
 Summon Ice Beast         Ice/Summ       Unusable   N/A       N/A         4
 Summon Mana Viper        Hex/Summ       Unusable   N/A       N/A         5
 Monstrous Menagerie      Summ           Unusable   N/A       N/A         7

Dungeon Overview and Level Annotations

Branches:
Dungeon (4/15)             Temple (1/1) D:4

Altars:
Ashenzari
Gozag
Kikubaaqudgha
Makhleb
Okawaru
Qazlal
Sif Muna
Trog
Uskayaw
Wu Jian
Zin
The Shining One

Annotations:
D:4 1 runed translucent door, Crazy Yiuf


Message History

You feel as though you will be slow longer.
The hornet stings you!
You feel as though you will be slow longer.
You sock the hornet!
The hornet is moderately wounded.
You feel very sick.
The hornet stings you but does no damage. x3
You are too injured to fight recklessly!
You are too injured to fight recklessly!
You are too injured to fight recklessly!
You are too injured to fight recklessly!
You are too injured to fight recklessly!
You are too injured to fight recklessly!
You are too injured to fight recklessly!
You are too injured to fight recklessly!
You are too injured to fight recklessly!
You are too injured to fight recklessly!
You feel very mighty all of a sudden.
You feel sick. The hornet stings you!
* * * LOW HITPOINT WARNING * * *
You feel as though you will be slow longer.
You block the hornet's attack.
You closely miss the hornet.
The hornet is moderately wounded.
You feel sick.
The hornet stings you but does no damage.
The hornet stings you!
* * * LOW HITPOINT WARNING * * *
You feel as though you will be slow longer.
You block the hornet's attack.
You sock the hornet!
The hornet is severely wounded.
You feel sick.
The hornet stings you but does no damage. x2
You closely miss the hornet.
The hornet is severely wounded.
You feel sick.
You are no longer poisoned.
The hornet stings you.
You die...

......##............
.....##............
.....##.........###
#....##....[....#
#....##.........#
#....# ########.#
#olg.# #.# #y# #.#
#@# #.# #.# #.# #.#
#.# #.############.#
#..............#
################


You could see a hornet, an iguana, an orc and a goblin.

Vanquished Creatures
  Sigmund (D:2)
  An ice beast (D:4)
  An ogre (D:4)
  A howler monkey (D:4)
  A hound (D:4)
  An iguana (D:4)
  4 adders
  2 worms
  3 dart slugs
  6 orcs
  5 endoplasms
  A giant cockroach (D:1)
  8 goblins
  4 hobgoblins
  6 jackals
  2 quokkas
  3 ball pythons
  6 bats
  3 frilled lizards
  8 kobolds
  3 rats
70 creatures vanquished.

Notes
Turn   | Place    | Note
-------+----------+-------------------------------------------
     0 | D:1      | cforsyth the Human Fighter began the quest for the Orb.
     0 | D:1      | Reached XP level 1. HP: 18/18 MP: 1/1
   128 | D:1      | Reached XP level 2. HP: 24/24 MP: 2/2
   662 | D:2      | Noticed Sigmund
   672 | D:2      | Killed Sigmund
   673 | D:2      | Reached XP level 3. HP: 20/30 MP: 3/3
   673 | D:2      | Reached XP level 4. HP: 24/37 MP: 4/4
   673 | D:2      | Reached XP level 5. HP: 28/42 MP: 5/5
   806 | D:2      | Reached skill level 4 in Armour
   949 | D:2      | Reached XP level 6. HP: 47/48 MP: 6/6
   967 | D:2      | Found a stormy altar of Qazlal.
  1880 | D:4      | Noticed an ogre
  1890 | D:4      | Killed an ogre
  1932 | D:4      | Found a staircase to the Ecumenical Temple.
  1943 | Temple   | Entered the Ecumenical Temple
  2085 | Temple   | Became a worshipper of Warmaster Okawaru
  2536 | D:4      | Found a runed translucent door.
  2537 | D:4      | Noticed Crazy Yiuf
  2562 | D:4      | Noticed an ice beast
  2571 | D:4      | Killed an ice beast
  2572 | D:4      | Reached skill level 5 in Armour
  2572 | D:4      | Reached XP level 7. HP: 53/53 MP: 7/7
  3203 | D:4      | Reached * piety under Okawaru
  3204 | D:4      | Noticed a hornet
  3215 | D:4      | Slain by a hornet

Illustrated notes

Levels and vault maps discovered:
D:1:      mrwooster_arrival_statue_3, layout_basic
D:2:      layout_rooms, basic_altar, uniq_sigmund
D:3:      layout_loops_ring
D:4:      layout_basic, minmay_temple_entry_glassed_door, minmay_manual_moon,
          uniq_crazy_yiuf_cottage
Temple:   jpeg_temple_clearing

Skill      XL: |  1  2  3  4  5  6 |
---------------+-------------------+-----
Maces & Flails | 3 4 |  4.9
Armour         | 4 5 |  5.5
Fighting       | |  3.9
Shields        | |  3.9

Action                     |  1- 3 |  4- 6 |  7- 9 || total
---------------------------+-------+-------+-------++-------
  Melee: Flail             |    22 |   134 |    42 ||   198
  Evoke: Wand              |       |     3 |       ||     3
    Use: Potion            |       |     1 |     1 ||     2
 Armour: Scale mail        |    11 |     2 |       ||    13
         Plate armour      |       |   103 |    27 ||   130
  Dodge: Dodged            |     5 |    27 |    11 ||    43
  Block: Buckler           |     6 |    35 |     6 ||    47

Table legend: (Time is in decaauts)
 A = Elapsed time spent in this place.
 B = Non-inter-level travel time spent in this place.
 C = Inter-level travel time spent in this place.
 D = Time resting spent in this place.
 E = Time spent auto-exploring this place.
 F = Levels seen in this place.
 G = Mean time per level.
                   A        B        C        D        E       F      G
               +--------+--------+--------+--------+--------+-----+--------+
         Total |   3267 |   3165 |    102 |      0 |   2619 |   5 |  653.4 |
       Dungeon |   3108 |   3041 |     67 |      0 |   2515 |   4 |  777.0 |
        Temple |    158 |    123 |     35 |      0 |    104 |   1 |  158.0 |
               +--------+--------+--------+--------+--------+-----+--------+

Top non-repeatable levels by time:
     D:4: 1212 daAuts
     D:3: 676 daAuts
     D:1: 666 daAuts
     D:2: 553 daAuts
  Temple: 158 daAuts
